 Dungeon Crawl Stone Soup version 0.28-a0-683-ga8797d1ae1 (webtiles) character file.

Game seed: 13763097584833387541

3 ytrimaz the Skirmisher (level 1, 6/14 HPs)
             Began as a Gargoyle Fighter on Oct 18, 2021.
             Quit the game on level 1 of the Dungeon.
             The game lasted 00:00:22 (33 turns).

ytrimaz the Skirmisher (Gargoyle Fighter)             Turns: 33, Time: 00:00:23

Health: 6/14       AC:  9    Str: 19    XL:     1   Next: 50%
Magic:  1/1        EV:  9    Int:  8    God:
Gold:   0          SH:  4    Dex:  9    Spells: 0/0 levels left

rFire   . . .      SeeInvis .   a - +0 flail
rCold   . . .      Faith    .   c - +0 buckler
rNeg    + . .      Spirit   .   b - +0 scale mail
rPois   ∞          Reflect  .   (no helmet)
rElec   +          Harm     .   (no cloak)
rCorr   .          Rampage  .   (no gloves)
Will    .....                   (no boots)
Stlth   ..........              (no amulet)
HPRegen 0.04/turn               (no ring)
MPRegen 0.07/turn               (no ring)

@: no status effects
A: sickness immunity, AC +2, negative energy resistance 1, electricity
resistance, torment resistance 1, petrification resistance
a: no special abilities


You were on level 1 of the Dungeon.
You visited 1 branch of the dungeon, and saw 1 of its levels.

Inventory:

Hand Weapons
 a - a +0 flail (weapon)
Armour
 b - a +0 scale mail (worn)
 c - a +0 buckler (worn)
Scrolls
 f - a scroll of identify {unknown}
Potions
 d - a potion of might
 e - a potion of resistance {unknown}


   Skills:
 + Level 3.3 Fighting
 + Level 2.0 Maces & Flails
 * Level 3.3 Armour
 * Level 3.3 Shields


You couldn't memorise any spells.
You didn't know any spells.
Your spell library was empty.

Dungeon Overview and Level Annotations

Branches:
Dungeon (1/15)

Altars:


Innate Abilities, Weirdness & Mutations

You are immune to sickness and miasma.
Your stone body is resilient. (AC +2)
You are immune to poison.
You resist negative energy. (rN+)
You are resistant to electric shocks. (rElec)
You are resistant to unholy torment.
You are immune to petrification.


Message History

Found 15 gold pieces.
The jackal barely misses you.
The jackal bites you but does no damage.
You hit the jackal.
The jackal is almost dead.
You block the jackal's attack. x2
The jackal bites you but does no damage.
The jackal misses you.
You barely miss the jackal.
The jackal is almost dead.
The jackal bites you.
The jackal bites you but does no damage. x2
You block the jackal's attack.
Unknown command.
You barely miss the jackal.
The jackal is almost dead.
You block the jackal's attack.
The jackal bites you but does no damage.
The jackal barely misses you.
You barely miss the jackal.
The jackal is almost dead.
You block the jackal's attack. The jackal barely misses you.
The jackal closely misses you.
Unknown command.
You hit the jackal.
The jackal is almost dead.
The jackal bites you but does no damage.
The jackal barely misses you.
The jackal bites you but does no damage. x2
You thump the jackal!
You kill the jackal!
The jackal bites you but does no damage. x2
You hit the jackal.
The jackal is heavily wounded.
The jackal bites you but does no damage.
The jackal barely misses you.
You sock the jackal!
You kill the jackal!
f - a scroll labelled JUF DOWONA You see here a jackal corpse.
Are you sure you want to abandon this character and quit the game? (Confirm with "yes".)

#. #......#.# #.####
#......#.# ##.....
#...^# #.# #......
#...##.#.# #.....$
#..... #.# #......
###..#####.#####
#......##.........<.....
..........#..#####.#####
.......@..#.....⌠#.#
..........#...##.#.#
..........#....# #.#
..........#......#.#
..........#......#.#
..........##.....#.#
####......#.#.....
#......# ########


There were no monsters in sight!

Vanquished Creatures
  2 jackals (D:1)
  A frilled lizard (D:1)
3 creatures vanquished.

Notes
Turn   | Place    | Note
-------+----------+-------------------------------------------
     0 | D:1      | ytrimaz the Gargoyle Fighter began the quest for the Orb.
     0 | D:1      | Reached XP level 1. HP: 14/14 MP: 1/1
    33 | D:1      | Quit the game

Illustrated notes

Levels and vault maps discovered:
D:1:      matt_arrival_grand_opening, layout_basic

Action                   || total
-------------------------++-------
Melee: Flail             ||    13
Armor: Scale mail        ||    15
Dodge: Dodged            ||    17
Block: Buckler           ||     8

Table legend: (Time is in decaauts)
 A = Elapsed time spent in this place.
 B = Non-inter-level travel time spent in this place.
 C = Inter-level travel time spent in this place.
 D = Time resting spent in this place.
 E = Time spent auto-exploring this place.
 F = Levels seen in this place.
 G = Mean time per level.
                   A        B        C        D        E       F      G
               +--------+--------+--------+--------+--------+-----+--------+
         Total |     37 |     37 |      0 |      0 |      8 |   1 |   37.0 |
       Dungeon |     37 |     37 |      0 |      0 |      8 |   1 |   37.0 |
               +--------+--------+--------+--------+--------+-----+--------+

Top non-repeatable levels by time:
     D:1: 37 daAuts
